 Dungeon Crawl Stone Soup version 0.24-a0-179-g7a2c91a (webtiles) character file.

Game seed: 8606446693522798294

91 tilp the Cudgeler (level 4, 0/35 HPs)
             Began as a Demonspawn Chaos Knight on Mar 13, 2019.
             Was a Plaything of Xom.
             Succumbed to an orc's poison
             ... on level 3 of the Dungeon.
             The game lasted 00:05:40 (1897 turns).

tilp the Cudgeler (Demonspawn Chaos Knight)         Turns: 1897, Time: 00:05:41

Health: 0/35       AC:  5    Str: 13    XL:     4   Next: 33%
Magic:  4/4        EV: 11    Int: 13    God:    Xom [..*...]
Gold:   106        SH:  0    Dex: 13    Spells: 3/3 levels left

rFire    + . .     SeeInvis .   a - +0 mace (chaos)
rCold    + + .     Gourm    .   (no shield)
rNeg     . . .     Faith    .   b - +2 leather armour
rPois    +         Spirit   .   (helmet restricted)
rElec    +         Reflect  .   (no cloak)
rCorr    +         Harm     .   (no gloves)
MR       .....                  (no boots)
Stlth    +.........             (no amulet)
HPRegen  0.11/turn              l - ring of flight
MPRegen  0.09/turn              e - ring of protection from cold

@: lethally poisoned (0 -> -10), resistant, hasted, very quick
A: antennae 1, claws 2
a: Renounce Religion, Evoke Flight


You were on level 3 of the Dungeon.
You worshipped Xom.
You were a toy of Xom.
You were not hungry.

You visited 1 branch of the dungeon, and saw 3 of its levels.

You collected 106 gold pieces.

Inventory:

Hand Weapons
 a - a +0 mace of chaos (weapon)
Missiles
 h - 65 stones
 i - 3 tomahawks
 o - 4 steel tomahawks (quivered)
Armour
 b - a +2 leather armour (worn)
 u - a +0 shield
Jewellery
 e - a ring of protection from cold (right claw)
 l - a ring of flight (left claw)
 p - an uncursed amulet of magic regeneration
Scrolls
 d - a scroll of teleportation
 f - a scroll of blinking
 g - a scroll of fog {unknown}
 m - a scroll of immolation {unknown}
 n - a scroll of random uselessness {unknown}
 q - a scroll of fear {unknown}
 t - a scroll of identify {unknown}
Potions
 j - a potion of haste
 r - a potion of resistance
 s - a potion of invisibility {unknown}
Comestibles
 c - 4 rations
 k - 7 chunks of flesh


   Skills:
 - Level 3.0 Fighting
 + Level 4.7 Maces & Flails
 - Level 1.7 Armour
 - Level 0.8 Dodging


You had 3 spell levels left.
You didn't know any spells.
Your spell library was empty.

Dungeon Overview and Level Annotations

Branches:
Dungeon (3/15)

Altars:
Cheibriados
Wu Jian
Yredelemnul


Innate Abilities, Weirdness & Mutations

You have a pair of small antennae on your head.
You have very sharp fingernails.


Message History

The orc is almost dead.
You feel sick. The bat hits you but does no damage. The orc closely misses you.
The orc priest calls down the wrath of Beogh upon you.
Beogh smites you!
* * * LOW HITPOINT WARNING * * *
A shower of butterflies erupts from you!
The orc completely misses your butterfly.
The bat hits you but does no damage.
It was a potion of haste.
You feel yourself speed up.
Xom is highly amused!
The bat closely misses you. The orc priest barely misses you.
The orc hits you with a +0 war axe of venom.
* * * LOW HITPOINT WARNING * * *
You are more poisoned.
Unknown command.
It was a potion of resistance.
You feel protected.
Xom thinks this is hilarious!
You die...
Xom cackles wildly!

.........##≈P≈≈≈P≈P#
#.......##P≈≈♣≈≈PP#
#.......#PP)≈♣♣♣P≈#
#.......#.≈≈≈♣≈≈≈P≈
#..b....(P≈♣♣P♣♣≈≈. .
#...bb..PP♣PPPP≈≈♣P
....####obbb..P≈♣≈PP.PP♣≈P
.......oo...b.PP≈≈.#PP.≈♣P
.......#o@...P.≈≈≈≈###≈≈≈≈
##....{#.##.#≈P♣≈P.....P≈P
#..$..#b....PP≈P≈.###..≈♣
.......####.≈PP≈≈..# #.P≈≈
....... #.P≈≈P≈#.# #..P≈
....... {#....P##.# #..≈≈
.<..... { #.#.####)# ##..^
###.#.## #.# #### #...#..#
#)#


You could see an orc priest, 3 orcs and a bat.

Vanquished Creatures
  2 adders
  An ooze (D:3)
  A worm (D:2)
  2 dart slugs
  4 orcs (D:3)
  3 giant cockroaches
  12 goblins
  4 hobgoblins
  8 jackals (D:2)
  4 kobolds
  2 quokkas
  3 bats
  4 frilled lizards (D:2)
  3 rats (D:1)
53 creatures vanquished.

Notes
Turn   | Place    | Note
-------+----------+-------------------------------------------
     0 | D:1      | tilp the Demonspawn Chaos Knight began the quest for the
                  | Orb.
     0 | D:1      | Reached XP level 1. HP: 18/18 MP: 1/1
   104 | D:1      | Reached skill level 3 in Maces & Flails
   324 | D:1      | Gained mutation: You have sharp fingernails. [demonic
                  | ancestry]
   324 | D:1      | Reached XP level 2. HP: 24/24 MP: 2/2
   753 | D:1      | XOM: harmless Summ miscast
   916 | D:2      | XOM: divination: magic mapping
   923 | D:2      | Gained mutation: You have a pair of small antennae on your
                  | head. [demonic ancestry]
   923 | D:2      | Reached XP level 3. HP: 29/29 MP: 3/3
   998 | D:2      | XOM: harmless Necr miscast
  1045 | D:2      | XOM: potion effect (agility)
  1052 | D:2      | Reached skill level 4 in Maces & Flails
  1081 | D:2      | XOM: noise
  1225 | D:2      | XOM: medium Air miscast
  1406 | D:2      | Found an ornate altar of the Wu Jian Council.
  1671 | D:3      | Gained mutation: You have very sharp fingernails. [demonic
                  | ancestry]
  1671 | D:3      | Reached XP level 4. HP: 32/35 MP: 4/4
  1772 | D:3      | Found a snail-covered altar of Cheibriados.
  1832 | D:3      | Found a basalt altar of Yredelemnul.
  1891 | D:3      | XOM: butterfly on damage
  1895 | D:3      | XOM: butterfly on damage
  1896 | D:3      | HP: 1/35 [orc/+0 war axe of venom (2)]
  1897 | D:3      | Succumbed to an orc's poison

Levels and vault maps discovered:
D:1:      onia_arrival_mini_spirals, layout_loops_corners
D:2:      layout_basic, lemuel_round_altar, first_ration, hangedman_decor_lopped
D:3:      layout_basic, kennysheep_slug_shrine, yredelemnul_altar_generic,
          kennysheep_okawaru_gauntlet, chequers_ecumenical_altar_island,
          wad_floor_pattern_untrapped, serial_bayou_lagoon_a,
          chequers_serial_rivers_micro_c

Skill      XL: |  1  2  3 |
---------------+----------+-----
Maces & Flails | 3 4 |  4.7
Fighting       | |  3.0
Armour         | |  1.7
Dodging        | |  0.8

Action                   |  1- 3 |  4- 6 || total
-------------------------+-------+-------++-------
Melee: Mace              |   131 |    28 ||   159
Throw: Tomahawk          |       |     1 ||     1
  Use: Scroll            |     4 |       ||     4
       Potion            |       |     2 ||     2
 Stab: Paralysed         |     1 |       ||     1
  Eat: Chunk             |     3 |       ||     3
Armor: Leather armour    |    40 |     9 ||    49
Dodge: Dodged            |    92 |    31 ||   123

Table legend:
 A = Non-vault XP
 B = Vault XP
 C = Vault XP percentage of total XP
 D = Non-vault monster count
 E = Vault monster count
 F = Vault count percentage of total count
                 A         B        C        D         E       F
            +---------+---------+-------+---------+---------+-------
      Total |     126 |       4 |   3.1 |      52 |       1 |   1.9
            +---------+---------+-------+---------+---------+-------
        D:1 |      29 |       0 |   0.0 |      15 |       0 |   0.0
        D:2 |      60 |       0 |   0.0 |      28 |       0 |   0.0
        D:3 |      37 |       4 |   9.8 |       9 |       1 |  10.0
            +---------+---------+-------+---------+---------+-------
